 Dungeon Crawl Stone Soup version 0.21-a0-39-g28ea6b7 (webtiles) character file.

191 HAL9000 the Changer (level 5, -5/40 HPs)
             Began as a Draconian Transmuter on May 30, 2017.
             Slain by an ogre
             ... wielding a +0 giant club
              (11 damage)
             ... on level 4 of the Dungeon.
             The game lasted 00:07:52 (3570 turns).

HAL9000 the Changer (Draconian Transmuter)          Turns: 3570, Time: 00:07:53

Health: -5/40      AC:  4    Str: 16    XL:     5   Next: 41%
Magic:  2/8        EV: 19    Int: 13    God:
Gold:   213        SH:  0    Dex: 17    Spells: 2/8 levels left

rFire    . . .     SeeInvis .     - Unarmed
rCold    . . .     Gourm    .   (shield currently unavailable)
rNeg     . . .     Faith    .   (armour unavailable)
rPois    x         Spirit   .   (helmet currently unavailable)
rElec    .         Reflect  .   (cloak currently unavailable)
rCorr    .         Harm     .   (gloves currently unavailable)
MR       .....                  (boots currently unavailable)
Stlth    ++........             (no amulet)
Regen    0.2/turn               x - +2 ring of protection
MPRegen  0.2/turn               n - +3 ring of strength

@: spider-form, very slightly contaminated
A: unfitting armour, AC +5
a: End Transformation


You were on level 4 of the Dungeon.
You were not hungry.
You were a venomous arachnid creature.
You visited 1 branch of the dungeon, and saw 4 of its levels.

You collected 213 gold pieces.

Inventory:

Missiles
 a - 117 arrows
 k - 6 javelins (quivered)
 y - 2 tomahawks
Armour
 h - a +1 pair of gloves (melded)
 z - a +0 pair of boots (melded)
Jewellery
 l - an uncursed ring of see invisible
 n - a +3 ring of strength (right front leg)
 x - a +2 ring of protection (left front leg)
Scrolls
 i - 2 scrolls of fear {unknown}
 j - 2 scrolls of teleportation {unknown}
 q - a scroll of enchant weapon {unknown}
 B - a scroll of blinking {unknown}
Potions
 d - 2 potions of curing
 t - a potion of haste
 u - a potion of brilliance
 v - 2 potions of heal wounds
Books
 b - a book of Changes

   Spells                             Type                      Level
   a - Beastly Appendage              Transmutation                1
   b - Sticks to Snakes               Transmutation                2
   c - Spider Form                    Transmutation/Poison         3
   d - Ice Form                       Ice/Transmutation            4
   e - Blade Hands                    Transmutation                5
Comestibles
 c - 3 bread rations
 p - a meat ration
 r - a royal jelly


   Skills:
 - Level 1.1 Fighting
 - Level 1.7 Dodging
 + Level 4.2 Unarmed Combat
 - Level 2.0 Spellcasting
 * Level 4.9 Transmutations


You had 2 spell levels left.
You knew the following spells:

 Your Spells              Type           Power        Failure   Level  Hunger
a - Beastly Appendage     Tmut           ##....       11%         1    ##.....
b - Sticks to Snakes      Tmut           ##......     14%         2    ###....
c - Spider Form           Tmut/Pois      #.........   50%         3    ####...


Dungeon Overview and Level Annotations

Branches:
Dungeon (4/15)
 Temple: D:4-7

Altars:


Innate Abilities, Weirdness & Mutations

((Your plain brown scales are hard. (AC +5)))
You cannot fit into any form of body armour.
((You are cold-blooded and may be slowed by cold attacks.))


Message History

Unknown command.
Casting: Spider Form
Confirm with . or Enter, or press ? or * to list all spells.
You turn into a venomous arachnid creature.
Your +1 pair of gloves melds into your body.
Your +0 pair of boots melds into your body.
The ogre misses you.
Unknown command.
You hit the ogre.
The ogre is poisoned.
The ogre is lightly wounded.
The ogre hits you with a giant club!
You bite the ogre!
The ogre looks as sick as possible!
The ogre is moderately wounded.
The ogre hits you with a giant club!!
Ouch! That really hurt!
* * * LOW HITPOINT WARNING * * *
You hit the ogre.
The ogre looks as sick as possible!
The ogre is severely wounded.
The ogre hits you with a giant club!
You die...

#..........##
##...#####...
##..........###...##
####
###........##...## #
##........#..##
###...)....##
####....## ##..##
#..## ##s## ##O##
##..# ##..## ##..##
##..## #..## #...#
#..##


You could see an ogre.

Vanquished Creatures
  A hound (D:4)
  A worker ant (D:4)
  3 adders
  A gnoll (D:1)
  A shadow imp (D:3)
  A worm (D:2)
  2 dart slugs
  2 leopard geckos
  4 orcs
  3 giant cockroaches
  9 goblins
  13 hobgoblins
  6 quokkas
  2 ball pythons
  4 bats
  3 frilled lizards
  8 kobolds
  A quokka skeleton (D:4)
  9 rats
74 creatures vanquished.

Vanquished Creatures (collateral kills)
  A goblin (D:3)
  A quokka (D:2)
2 creatures vanquished.

Grand Total: 76 creatures vanquished

Notes
Turn   | Place    | Note
-------+----------+-------------------------------------------
     0 | D:1      | HAL9000 the Draconian Transmuter began the quest for the Orb.
     0 | D:1      | Reached XP level 1. HP: 16/16 MP: 3/3
   363 | D:1      | Reached XP level 2. HP: 23/23 MP: 3/5
   374 | D:1      | Learned a level 2 spell: Sticks to Snakes
   721 | D:1      | Reached XP level 3. HP: 28/28 MP: 6/6
  1649 | D:2      | Reached XP level 4. HP: 34/35 MP: 5/7
  2556 | D:3      | Learned a level 3 spell: Spider Form
  3295 | D:4      | Reached XP level 5. HP: 32/40 MP: 8/8
  3556 | D:4      | Noticed an ogre
  3570 | D:4      | Slain by an ogre

Vault maps used:
D:1:      dpeg_arrival_rooms_b, kennysheep_flooded_box
D:4:      first_bread

Skill      XL: |  1  2  3  4 |
---------------+-------------+-----
Transmutations | 3 4 |  4.9
Unarmed Combat | 4 |  4.2
Fighting       | |  1.1
Dodging        | |  1.7
Spellcasting   | |  2.0

Action                   |  1- 3 |  4- 6 || total
-------------------------+-------+-------++-------
Melee: Unarmed           |   147 |   135 ||   282
       Headbutt          |    10 |     5 ||    15
       Kick              |     7 |     4 ||    11
       Tailslap          |     7 |    15 ||    22
 Cast: Beastly Appendage |    17 |     8 ||    25
       Sticks to Snakes  |     2 |     2 ||     4
       Spider Form       |       |     1 ||     1
  Use: Scroll            |       |     5 ||     5
 Stab: Sleeping          |     1 |     1 ||     2
  Eat: Chunk             |     3 |     7 ||    10
Armor: Skin              |    55 |    37 ||    92
Dodge: Dodged            |    95 |    89 ||   184
